 Dungeon Crawl Stone Soup version 0.31-a0-246-g8cbcc1cb85 (webtiles) character file.

Game seed: 5404278302903489993

3161 dolemite99 the Grappler (level 9, -1/106 HPs)
             Began as a Demigod Shapeshifter on July 12, 2023.
             Slain by Joseph
             ... wielding a +0 quarterstaff
              (16 damage)
             ... on level 8 of the Dungeon.
             The game lasted 00:10:55 (8755 turns).

dolemite99 the Grappler (Demigod Shapeshifter)      Turns: 8755, Time: 00:10:56

Health: -1/106     AC: 28    Str: 34    XL:     9   Next: 36%
Magic:  0/11       EV:  2    Int: 10    God:
Gold:   35         SH:  0    Dex: 14    Spells: 8/8 levels left

rFire   . .          .
                       - Unarmed
rCold   . . .        (no shield)
rNeg    . . .        y - melded +0 steam dragon scales
rPois   +            (helmet currently unavailable)
rElec   .            (cloak currently unavailable)
rCorr   .            (gloves currently unavailable)
SInv    .            (boots currently unavailable)
Will    .....        j - amulet of guardian spirit
Stlth   +            g - +6 ring of strength
HPRegen 0.37/turn    l - +4 ring of protection
MPRegen 0.12/turn

%: guardian spirit
@: tree-form
A: stationary, stasis, torment immunity, boosted hp, high MP 1, forlorn, divine
attributes
a: no special abilities


You were on level 8 of the Dungeon.
You were a tree.
You visited 1 branch of the dungeon, and saw 8 of its levels.

You collected 403 gold pieces.
You spent 368 gold pieces at shops.

Inventory:

Hand Weapons
 a - a +1 orcbow of freezing
Missiles
 i - 4 javelins (quivered)
 k - a curare-tipped dart
 v - 8 atropa-tipped darts
Armour
 h - a +1 chain mail
 s - a scarf of shadows
 w - a +0 animal skin
 y - +0 steam dragon scales (melded)
Jewellery
 b - a +5 ring of evasion
 d - a ring of see invisible
 g - a +6 ring of strength (left branch)
 j - an amulet of guardian spirit (around neck)
 l - a +4 ring of protection (right branch)
 A - a +6 ring of dexterity
 B - an amulet of reflection
Talismans
 c - a beast talisman
Wands
 x - a wand of flame (22)
 z - a wand of iceblast (4)
Scrolls
 e - 2 scrolls of fog
 f - 2 scrolls of fear
 q - a scroll of amnesia
 C - a scroll of brand weapon
Potions
 m - 2 potions of lignification
 n - a potion of degeneration
 o - 2 potions of haste
 p - 2 potions of brilliance
 r - a potion of resistance
 t - 5 potions of curing
 u - 2 potions of attraction
 D - a potion of enlightenment


   Skills:
 + Level 4.2 Fighting
 + Level 4.3 Dodging
 + Level 9.7 Unarmed Combat
 * Level 5.4 Shapeshifting


You had 8 spell levels left.
You didn't know any spells.
Your spell library contained the following spells:

 Spells                   Type           Power      Damage    Failure   Level
 Sting                    Tmut/Pois      0%         1d3       36%         1
 Lesser Beckoning         Tloc           0%         N/A       50%         2
 Poisonous Vapours        Pois/Air       0%         N/A       50%         2
 Static Discharge         Conj/Air       0%         2-2/arc   50%         2
 Gell's Gravitas          Tloc           0%         N/A       75%         3
 Teleport Other           Tloc           0%         N/A       75%         3
 Airstrike                Air            0%         2d(0-16)  98%         4
 Olgreb's Toxic Radiance  Pois           0%         N/A       98%         4
 Summon Lightning Spire   Summ/Air       0%         N/A       98%         4


Dungeon Overview and Level Annotations

Branches:
Dungeon (8/15)             Temple (0/1) D:4
   Lair: D:8-11

Shops:
D:2 !   D:8 ?

Annotations:
D:8 3 runed translucent doors, Joseph


Innate Abilities, Weirdness & Mutations

You are a tree.
Your roots penetrate the ground, keeping you stationary.
You cannot be teleported.
You are immune to unholy pain and torment.
Your maximum health is greatly increased.
Your equipment is partially melded.
You have an increased reservoir of magic. (+10% MP)
You shall have no god before yourself.
Your divine heritage dramatically boosts your attributes as you level up.


Message History

Joseph is lightly wounded.
Joseph unwields a +0 quarterstaff.
Joseph wields a +0 sling.
Joseph shoots a sling bullet.
The sling bullet hits you!
Joseph shoots a sling bullet.
The sling bullet hits you.
Your +1 orcbow of freezing stops glowing.
You are now empty-handed.
You start resting.
Joseph is nearby!
Joseph unwields a +0 sling.
Joseph wields a +0 quarterstaff.
Joseph hits you with a +0 quarterstaff!
You pummel Joseph!!
Joseph is heavily wounded.
Joseph barely misses you.
You hit Joseph.
Joseph is heavily wounded.
You hit Joseph.
Joseph is heavily wounded.
Joseph drinks a potion.
Joseph goes berserk!
You punch Joseph!
Joseph is severely wounded.
Joseph hits you with a +0 quarterstaff!!
You punch Joseph!
Joseph is severely wounded.
Joseph closely misses you. Joseph hits you with a +0 quarterstaff!
* * * LOW HITPOINT WARNING * * *
Really quaff the potion of lignification?
Your transformation has ended.
You turn into a tree.
Your +0 steam dragon scales melds into your body.
Your roots penetrate the ground.
Joseph hits you but does no damage.
You hit Joseph. You punch Joseph!
Joseph is almost dead.
Joseph hits you with a +0 quarterstaff!
* * * LOW HITPOINT WARNING * * *
You smack Joseph!
Joseph is almost dead.
Joseph hits you with a +0 quarterstaff.
* * * LOW HITPOINT WARNING * * *
Joseph hits you with a +0 quarterstaff!
You die...

....##.. ....#.....
#..........
####...#......##
##<.#...........###
##.................#
#........#..........
##..♣...#.#..........
#..@##.........).....
##...###.............
##...##..##.........
###....##.#...........
#.#..#...........##...
###....#@###......##....
#.....##..........#.....
##..####..#.....∩.#.....


You could see Joseph (berserk).

Vanquished Creatures
  Sigmund (D:6)
  Grum (D:8)
  A steam dragon (D:7)
  A water moccasin (D:7)
  An orc warrior (D:6)
  An ice beast (D:6)
  3 sky beasts
  A black bear (D:5)
  2 ogres (D:4)
  2 wolves (D:7)
  3 centaurs
  A phantom (D:5)
  A kobold brigand (D:8)
  2 bullfrogs (D:7)
  A scorpion (D:4)
  6 killer bees (D:7)
  A howler monkey (D:6)
  6 orc priests
  3 hounds
  A jelly (D:4)
  A sleepcap (D:5)
  3 iguanas
  7 orc wizards
  3 gnolls (D:5)
  11 adders
  2 white imps
  An ufetubus (D:5)
  4 worms
  24 orcs
  13 ball pythons
  4 bats
  11 endoplasms
  2 giant cockroaches (D:4)
  5 goblins
  6 hobgoblins
  2 jackals (D:1)
  8 quokkas
  6 frilled lizards
  12 kobolds
  5 rats
169 creatures vanquished.

Vanquished Creatures (collateral kills)
  A sleepcap (D:7)
1 creature vanquished.

Grand Total: 170 creatures vanquished

Notes
Turn   | Place    | Note
-------+----------+-------------------------------------------
     0 | D:1      | dolemite99 the Demigod Shapeshifter began the quest for the
                  | Orb.
     0 | D:1      | Reached XP level 1. HP: 17/17 MP: 3/3
    45 | D:1      | Reached skill level 2 in Unarmed Combat
   127 | D:1      | Reached XP level 2. HP: 13/24 MP: 4/4
   750 | D:1      | Reached skill level 3 in Unarmed Combat
  1031 | D:2      | Reached XP level 3. HP: 23/29 MP: 5/5
  1060 | D:2      | Found Eggy's Distillery.
  1178 | D:2      | Bought a potion of curing for 42 gold pieces
  1385 | D:2      | Reached skill level 4 in Unarmed Combat
  1732 | D:3      | Reached XP level 4. HP: 36/36 MP: 6/6
  2532 | D:4      | Reached skill level 5 in Unarmed Combat
  2532 | D:4      | Reached XP level 5. HP: 6/41 MP: 7/7
  2660 | D:4      | Noticed a sky beast
  2677 | D:4      | Killed a sky beast
  2678 | D:4      | Reached skill level 6 in Unarmed Combat
  2711 | D:4      | Noticed an ogre
  2726 | D:4      | Killed an ogre
  2727 | D:4      | Reached XP level 6. HP: 31/48 MP: 8/8
  3001 | D:4      | Reached skill level 7 in Unarmed Combat
  3045 | D:4      | Reached XP level 7. HP: 53/53 MP: 9/9
  3268 | D:4      | Found a staircase to the Ecumenical Temple.
  3506 | D:5      | Entered Level 5 of the Dungeon
  3731 | D:5      | Reached skill level 8 in Unarmed Combat
  4032 | D:2      | Bought a potion of berserk rage for 70 gold pieces
  4032 | D:2      | Bought a potion of curing for 42 gold pieces
  4032 | D:2      | Bought a potion of curing for 42 gold pieces
  4219 | D:6      | Noticed Sigmund
  5175 | D:6      | Killed Sigmund
  5176 | D:6      | Reached skill level 9 in Unarmed Combat
  5176 | D:6      | Reached XP level 8. HP: 61/61 MP: 10/10
  6767 | D:7      | Reached XP level 9. HP: 70/70 MP: 11/11
  7267 | D:8      | Noticed Grum
  7291 | D:7      | Reached skill level 5 in Shapeshifting
  7801 | D:8      | Killed Grum
  7806 | D:8      | Identified the +0 quarterstaff "Denatudu" {elec, SInv}
  7807 | D:8      | Noticed Joseph
  8202 | D:8      | Found Ziggeo's Magic Scroll Boutique.
  8271 | D:8      | HP: 4/106 [kobold/+0 dagger (3)]
  8593 | D:8      | Found a runed translucent gate.
  8594 | D:8      | Found a runed translucent gate.
  8600 | D:8      | Found a runed translucent gate.
  8602 | D:8      | Noticed a purple ugly thing
  8646 | D:8      | Bought a scroll of identify for 30 gold pieces
  8647 | D:8      | Bought a scroll of brand weapon for 142 gold pieces
  8650 | D:8      | Noticed a red ugly thing
  8650 | D:8      | Noticed a cyan ugly thing
  8650 | D:8      | Noticed a glowing orange brain
  8652 | D:8      | Noticed a red ugly thing
  8653 | D:8      | Noticed a red ugly thing
  8755 | D:8      | Slain by Joseph

Illustrated notes

Levels and vault maps discovered:
D:1:      eino_arrival_druids_welcome, layout_basic,
          dreamdust_ecumenical_altar_statues
D:2:      layout_rooms, serial_shops, nicolae_shop_peninsula, basic_altar,
          grunt_ministairs_7
D:3:      minmay_spotlight, layout_basic, mainiacjoe_overflow_alcove_1,
          cheibrodos_ashenzari_chains
D:4:      minmay_general_purpose_star, layout_cave_pools, temple_green,
          cheibrodos_sewer_entry_bend
D:5:      wad_pebble_path, layout_gridville
D:6:      layout_cave_pools, mainiacjoe_overflow_paths, grunt_decor_junction,
          uniq_sigmund
D:7:      layout_basic, lemuel_crystal_altar, nicolae_ru_awakened_eye
D:8:      layout_cave_pools, nicolae_overflow_macrodata_refinement,
          enter_bailey_2, ploomutoo_gammafunk_ghost_potion_laboratory,
          serial_shops, shop, hangedman_decor_push, uniq_joseph, uniq_grum

Skill      XL: |  1  2  3  4  5  6  7  8  9 |
---------------+----------------------------+-----
Unarmed Combat | 2 3 4 5 6 7 9 |  9.7
Fighting       | 2 3 4 |  4.2
Dodging        | 2 3 4 |  4.3
Shapeshifting  | 3 4 5 |  5.4

Action                     |  1- 3 |  4- 6 |  7- 9 || total
---------------------------+-------+-------+-------++-------
  Melee: Unarmed           |   107 |   126 |   209 ||   442
         Punch             |     1 |     9 |    14 ||    24
   Fire: Orcbow            |       |       |    55 ||    55
  Throw: Dart              |     7 |       |       ||     7
         Javelin           |       |       |     2 ||     2
  Evoke: Wand              |       |       |     5 ||     5
    Use: Scroll            |     1 |     3 |    14 ||    18
         Potion            |     5 |     2 |     7 ||    14
   Stab: Sleeping          |     3 |       |       ||     3
         Invisible         |     1 |       |       ||     1
 Armour: Animal skin       |    11 |       |       ||    11
         Skin              |    22 |       |    33 ||    55
         Chain mail        |     2 |    68 |    69 ||   139
         Steam dragon scal |       |       |    52 ||    52
  Dodge: Dodged            |    62 |    40 |   153 ||   255

Table legend: (Time is in decaauts)
 A = Elapsed time spent in this place.
 B = Non-inter-level travel time spent in this place.
 C = Inter-level travel time spent in this place.
 D = Time resting spent in this place.
 E = Time spent auto-exploring this place.
 F = Levels seen in this place.
 G = Mean time per level.
                   A        B        C        D        E       F      G
               +--------+--------+--------+--------+--------+-----+--------+
         Total |   8760 |   8390 |    370 |   3205 |   3706 |   8 | 1095.0 |
       Dungeon |   8760 |   8390 |    370 |   3205 |   3706 |   8 | 1095.0 |
               +--------+--------+--------+--------+--------+-----+--------+

Top non-repeatable levels by time:
     D:7: 1793 daAuts
     D:5: 1461 daAuts
     D:6: 1447 daAuts
     D:4: 1023 daAuts
     D:1: 966 daAuts
     D:3: 838 daAuts
     D:2: 736 daAuts
     D:8: 494 daAuts
